 Dungeon Crawl Stone Soup version 0.30-a0-377-g5cb311bc9f (webtiles) character file.

Game seed: 12444192732177858309

21 Chaicat the Thaumaturge (level 2, 0/26 HPs)
             Began as a Gnoll Wanderer on Nov 28, 2022.
             Slain by a gnoll
             ... wielding a +0 whip
              (8 damage)
             ... on level 1 of the Dungeon.
             The game lasted 00:02:14 (643 turns).

Chaicat the Thaumaturge (Gnoll Wanderer)             Turns: 643, Time: 00:02:14

Health: 0/26       AC:  3    Str: 10    XL:     2   Next: 83%
Magic:  11/12      EV: 11    Int: 12    God:
Gold:   56         SH:  0    Dex: 11    Spells: 18/19 levels left

rFire   + . .      SeeInvis .    j - staff of fire
rCold   . . .      Faith    .    (no shield)
rNeg    . . .      Spirit   .    f - +0 leather armour
rPois   .          Reflect  .    (no helmet)
rElec   .          Harm     .    (no cloak)
rCorr   .          Rampage  .    (no gloves)
Will    .....                    (no boots)
Stlth   +.........               h - amulet of magic regeneration
HPRegen 0.24/turn                (no ring)
MPRegen 0.53/turn                (no ring)

@: no status effects
A: fangs 1, strong nose, distributed training
a: no special abilities


You were on level 1 of the Dungeon.
You visited 1 branch of the dungeon, and saw 1 of its levels.

You collected 56 gold pieces.

Inventory:

Armour
 f - a +0 leather armour (worn)
Magical Staves
 j - a staff of fire (weapon)
Jewellery
 h - an amulet of magic regeneration (around neck)
Scrolls
 b - 2 scrolls of fear
Potions
 d - a potion of attraction
 e - 2 potions of magic
 g - a potion of brilliance {unknown}
 i - 2 potions of heal wounds


   Skills:
 + Level 4.5 Fighting
 + Level 0.5 Short Blades
 + Level 0.5 Long Blades
 + Level 0.5 Axes
 + Level 0.5 Maces & Flails
 + Level 0.5 Polearms
 + Level 0.5 Staves
 + Level 0.5 Ranged Weapons
 + Level 2.5 Throwing
 + Level 0.5 Armour
 + Level 2.5 Dodging
 + Level 0.5 Stealth
 + Level 0.5 Shields
 + Level 0.5 Unarmed Combat
 + Level 9.3 Spellcasting
 + Level 0.4 Conjurations
 + Level 0.4 Hexes
 + Level 0.4 Summonings
 + Level 0.4 Necromancy
 + Level 0.4 Translocations
 + Level 0.4 Transmutations
 + Level 2.0 Fire Magic
 + Level 0.4 Ice Magic
 + Level 0.4 Air Magic
 + Level 0.4 Earth Magic
 + Level 0.4 Poison Magic
 + Level 0.7 Invocations
 + Level 0.5 Evocations


You had 18 spell levels left.
You knew the following spells:

 Your Spells              Type           Power      Damage    Failure   Level
a - Foxfire               Conj/Fire      48%        2x1d6     11%         1

Your spell library contained the following spells:

 Spells                   Type           Power      Damage    Failure   Level
 Necrotise                Necr           24%        1d5       16%         1
 Momentum Strike          Conj/Tloc      12%        3d8       22%         2
 Poisonous Vapours        Pois/Air       12%        N/A       22%         2
 Kindle Blastsparks       Fire/Tloc/Air  22%        2d11      34%         3
 Swiftness                Air            6%         N/A       41%         3


Dungeon Overview and Level Annotations

Branches:
Dungeon (1/15)

Altars:


Innate Abilities, Weirdness & Mutations

You have very sharp teeth.
Your uncanny sense of smell can sniff out nearby items.
Your experience applies equally to all skills.


Message History

a - a scroll of identify
As you read the scroll of identify, it crumbles to dust.
i - 2 potions of heal wounds
There is a stone staircase leading down here.
You see here an orb of guile.
a - an orb of guile You drop an orb of guile.
A goblin comes into view. It is wielding a +0 club.
The goblin shouts!
You hit the goblin. You burn the goblin.
You kill the goblin!
No target in view!
You see here a +0 club.
You see here a +0 club.
There is a stone staircase leading down here.
A gnoll comes into view. It is wielding a +0 whip.
The gnoll shouts!
Casting: Foxfire (safe; 11% risk of failure)
Press: ? - help, Q - select action Dir - look around, f - activate You feel a surge of power!
You conjure some foxfire!
The gnoll hits you with a +0 whip.
You barely miss the gnoll.
The foxfire hits the gnoll.
The gnoll is moderately wounded.
The foxfire hits the gnoll.
The gnoll is heavily wounded.
The gnoll closely misses you.
You hit the gnoll.
The gnoll is severely wounded.
The gnoll hits you with a +0 whip. The gnoll hits you with a +0 whip!
* * * LOW HITPOINT WARNING * * *
You are too injured to fight recklessly!
You are too injured to fight recklessly!
You barely miss the gnoll.
The gnoll is severely wounded.
The gnoll closely misses you.
Casting: Foxfire (safe; 11% risk of failure)
Press: ? - help, Q - select action Dir - look around, f - activate You feel a surge of power!
You conjure some foxfire!
The gnoll hits you with a +0 whip!
You die...

#.# #.#
#.# #.#
#.####
#.#..
######.#.#
#....v.#.#
#.##@v...#
#g#####
....
###.#.
#.#.# #.#
# #.# #.#


You could see a gnoll (ally target).

Vanquished Creatures
  An endoplasm (D:1)
  2 giant cockroaches (D:1)
  2 goblins (D:1)
  A hobgoblin (D:1)
  3 kobolds (D:1)
  2 quokkas (D:1)
  2 ball pythons (D:1)
  3 bats (D:1)
  2 rats (D:1)
18 creatures vanquished.

Vanquished Creatures (others)
  25 foxfires (D:1)
25 creatures vanquished.

Grand Total: 43 creatures vanquished

Notes
Turn   | Place    | Note
-------+----------+-------------------------------------------
     0 | D:1      | Reached skill level 9 in Spellcasting
     0 | D:1      | Chaicat the Gnoll Wanderer began the quest for the Orb.
     0 | D:1      | Chaicat set off with the following items: a +0 dagger, a
                  | scroll of fear, a +0 robe, a potion of attraction; and the
                  | following spells available to memorise: Foxfire, Necrotise,
                  | Momentum Strike, Poisonous Vapours, Kindle Blastsparks,
                  | Swiftness.
     0 | D:1      | Reached XP level 1. HP: 20/20 MP: 10/10
     2 | D:1      | Learned a level 1 spell: Foxfire
   167 | D:1      | Reached XP level 2. HP: 26/26 MP: 7/12
   643 | D:1      | Slain by a gnoll

Illustrated notes

Levels and vault maps discovered:
D:1:      evilmike_arrival_crescent, layout_basic

Skill      XL: |  1 |
---------------+----+-----
Spellcasting   | |  9.3
Fire Magic     | 2 |  2.0
Fighting       | |  4.5
Short Blades   | |  0.5
Long Blades    | |  0.5
Axes           | |  0.5
Maces & Flails | |  0.5
Polearms       | |  0.5
Staves         | |  0.5
Ranged Weapons | |  0.5
Throwing       | |  2.5
Armour         | |  0.5
Dodging        | |  2.5
Stealth        | |  0.5
Shields        | |  0.5
Unarmed Combat | |  0.5
Conjurations   | |  0.4
Hexes          | |  0.4
Summonings     | |  0.4
Necromancy     | |  0.4
Translocations | |  0.4
Transmutations | |  0.4
Ice Magic      | |  0.4
Air Magic      | |  0.4
Earth Magic    | |  0.4
Poison Magic   | |  0.4
Invocations    | |  0.7
Evocations     | |  0.5

Action                   || total
-------------------------++-------
Melee: Dagger            ||    41
       Bite              ||     9
       Staff             ||    15
 Cast: Foxfire           ||    16
  Use: Scroll            ||     2
Armor: Robe              ||     6
       Leather armour    ||     5
Dodge: Dodged            ||    29

Table legend: (Time is in decaauts)
 A = Elapsed time spent in this place.
 B = Non-inter-level travel time spent in this place.
 C = Inter-level travel time spent in this place.
 D = Time resting spent in this place.
 E = Time spent auto-exploring this place.
 F = Levels seen in this place.
 G = Mean time per level.
                   A        B        C        D        E       F      G
               +--------+--------+--------+--------+--------+-----+--------+
         Total |    644 |    644 |      0 |      0 |    500 |   1 |  644.0 |
       Dungeon |    644 |    644 |      0 |      0 |    500 |   1 |  644.0 |
               +--------+--------+--------+--------+--------+-----+--------+

Top non-repeatable levels by time:
     D:1: 644 daAuts
